[Event "Early-Titled-Tuesday-Blitz-January-23-2024"]
[Site "Chess.com"]
[Date "2024.01.23"]
[Round "3"]
[White "MatthewG-p4p"]
[Black "Glidzhian_Gor"]
[Result "1-0"]
[WhiteElo "2891"]
[BlackElo "2591"]
[TimeControl "180+1"]
[EndTime "8:29:03 PST"]
[Termination "MatthewG-p4p won by checkmate"]

1. e4 c5 2. c3 g6 3. d4 cxd4 4. cxd4 d5 5. e5 Bg7 6. Nc3 Nc6 7. Bb5 Nh6 8. h3 O-O 9. Nf3 a6 10. Bxc6 bxc6 11. O-O f6 12. Re1 Nf7 13. e6 Nd6 14. Na4 Ne4 15. Nc5 f5 16. Qa4 Qd6 17. Ng5 Nxc5 18.
dxc5 Qxc5 19. Bf4 h6 20. Nf7 g5 21. Bd2 Qb5 22. Qa3 Bxe6 23. Nxh6+ Bxh6 24. Rxe6 Bg7 25. Bc3 d4 26. Bd2 Rf7 27. Bxg5 Re8 28. Rd1 Qd5 29. Ree1 e5 30. Rc1 e4 31. Rc5 Bf8 32. Rxd5 Bxa3 33. Rxd4 Bxb2 34. Rdd1 Ba3 35. Re2 Bb4 36. Bf4 a5 37. g3 Rff8 38. Rc1 c5 39. Bd6 Rf6 40. Bxc5 Rc8 41. Be3 Rfc6 42. Rxc6 Rxc6 43. g4 fxg4 44.
hxg4 Kf7 45. Kg2 Ke6 46. f4 exf3+ 47. Kxf3 Rc3 48. Ke4 Rc4+ 49. Kf3 Rc3 50. Kf4 Bd6+ 51. Kg5 Kf7 52. Kf5 a4 53. g5 Kg8 54. g6 Rc4 55. Rd2 Be7 56. Rd7 Bh4 57. Bd4 a3 58.
Be5 Kf8 59. Ra7 Rc5 60. Ra8+ Ke7 61. g7 Bf6 62. g8=Q Rd5 63. Qe6# 1-0

[Event "Early-Titled-Tuesday-Blitz-January-23-2024"]
[Site "Chess.com"]
[Date "2024.01.23"]
[Round "3"]
[White "HamedWafa4"]
[Black "toninhojit"]
[Result "0-1"]
[WhiteElo "2713"]
[BlackElo "2452"]
[TimeControl "180+1"]
[EndTime "8:29:06 PST"]
[Termination "toninhojit won by resignation"]

1. e4 e5 2. Nf3 Nc6 3. Bb5 Nf6 4. Nc3 Bb4 5. O-O O-O 6. Bxc6 dxc6 7. d3 Bd6 8. Ne2 Nd7 9. Ng3 Nc5 10. h3 Ne6 11. Nf5 c5 12. b3 Nd4 13. N3xd4 cxd4 14. Nxd6 Qxd6 15. f4 f6 16. fxe5 fxe5 17. Rxf8+ Qxf8 18. Qh5 Qe7 19. Ba3 Qxa3 20. Qxe5 Qd6 21. Qe8+ Qf8 22. Qe5 Qd8 23. Rf1 Bd7 24. Qd5+ Kh8 25. Qxd4 Be6 26.
Qe3 Qd6 27. d4 Rf8 28. Rxf8+ Qxf8 29. d5 Bg8 30. c4 b6 31. e5 Qc5 32. Qxc5 bxc5 33.
Kf2 g6 34. Ke3 Kg7 35. Kf4 h6 36. g4 g5+ 37. Kf5 Kf7 38. e6+ Kg7 39. Ke5 Kf8 40. a3 Ke7 41. b4 cxb4 42. axb4 Bh7 43. c5 Bd3 44. d6+ cxd6+ 45. cxd6+ Ke8 46. Kf6 Bb5 47.
d7+ Kd8 48. Kf7 Bc4 49. Kf6 Bb5 50. Kg7 Bc4 51. Kf7 a6 52. Kf6 Bb5 53. Kg6 Bc4 54.
Kxh6 Ke7 55. Kxg5 Bxe6 56. h4 Bxd7 57. h5 Kf7 58. h6 Kg8 59. Kh5 Be8+ 60. Kg5 Kh7 61.
Kf6 Kxh6 62. g5+ Kh7 63. Ke7 Bg6 64. Kf6 Bd3 65. Ke5 Kg6 66. Kd4 Bb5 67. Kc5 Kxg5 68. Kb6 Kf4 69. Ka5 Ke4 70. Kb6 Kd4 71. Ka5 Kc4 72. Kb6 Kxb4 0-1

[Event "Early-Titled-Tuesday-Blitz-January-23-2024"]
[Site "Chess.com"]
[Date "2024.01.23"]
[Round "3"]
[White "maciek_92"]
[Black "Duhless"]
[Result "1/2-1/2"]
[WhiteElo "2833"]
[BlackElo "3127"]
[TimeControl "180+1"]
[EndTime "8:29:10 PST"]
[Termination "Game drawn by repetition"]

1. c4 g6 2. Nc3 Bg7 3. g3 e6 4. Nf3 Ne7 5. Bg2 O-O 6. O-O d5 7. d4 Nbc6 8. e3 dxc4 9. Qa4 Nf5 10. Qxc4 e5 11. dxe5 Nxe5 12. Nxe5 Bxe5 13. f4 Bg7 14. Rd1 Be6 15. Qa4 Qe8 16. Qxe8 Rfxe8 17. Bxb7 Rad8 18. Bc6 Bxc3 19. Rxd8 Rxd8 20. bxc3 Rd1+ 21. Kf2 Bc4 22. e4 Rf1+ 23. Kg2 Ne3+ 24. Kh3 Be6+ 25.
f5 gxf5 26. exf5 Bxf5+ 27. Kh4 Be6 28. Rb1 Nf5+ 29. Kg5 Kg7 30. c4 f6+ 31. Kh5 Bf7+ 32. Kg4 Nd4 33. Bh6+ Kxh6 34. Rxf1 f5+ 35. Kf4 Nxc6 36.
Kxf5 Bxc4 37. Rc1 Bd5 38. Rc5 Bg2 39. a3 Ne7+ 40. Kf6 Nd5+ 41. Ke5 Kg5 42. Rc4 h5 43. h4+ Kg6 44. Rc6+ Kg7 45. Rc5 Kg6 46. Rc6+ Kg7 47. Rc5 Kg6 48. Rc2 Bf3 49. Rc6+ Kg7 50. Rc5 Kg6 51.
Rc6+ Kg7 52. Ra6 Kf7 53. Rxa7 Ke7 54. Ra5 Nf6 55. Kf4 Bg4 56. Re5+ Kd7 57. a4 Ne8 58. a5 Nd6 59. Rg5 Kc6 60. Ke3 Kb7 61. Kf4 Ka6 62. Rc5 Ne8 63. Ke5 Kb7 64. Rb5+ Ka6 65. Rc5 Kb7 66.
Rb5+ Ka6 67. Rc5 1/2-1/2

[Event "Early-Titled-Tuesday-Blitz-January-23-2024"]
[Site "Chess.com"]
[Date "2024.01.23"]
[Round "3"]
[White "JiaHaoxiang"]
[Black "ilushka"]
[Result "0-1"]
[WhiteElo "2614"]
[BlackElo "2460"]
[TimeControl "180+1"]
[EndTime "8:29:10 PST"]
[Termination "ilushka won by checkmate"]

1. d4 e6 2. c4 b6 3. Nf3 Bb7 4. Nc3 Bb4 5. Qd3 f5 6. Bg5 Nf6 7. e3 O-O 8. Be2 d6 9. O-O Bxc3 10. bxc3 Nbd7 11. d5 Qe8 12. dxe6 Qxe6 13. Nd4 Qe4 14. f3 Qxd3 15. Bxd3 g6 16. a4 a5 17. Nb5 Rac8 18. Rae1 Nc5 19. Bc2 Kg7 20. h3 h6 21. Bh4 Rf7 22.
g4 fxg4 23. hxg4 g5 24. Bg3 Re8 25. e4 Rfe7 26. Nd4 Bc8 27. Nc6 Rf7 28. e5 dxe5 29. Bxe5 Bd7 30. Nd4 Rfe7 31. f4 gxf4 32. Bxf6+ Kxf6 33. Rxf4+ Kg5 34. Rxe7 Rxe7 35. Rf8 Kxg4 36. Bd1+ Kg5 37.
Kf2 Bxa4 38. Nf3+ Kg6 39. Bxa4 Nxa4 40. Nh4+ Kg7 41. Rc8 Rf7+ 42. Ke3 Nc5 43. Nf3 Kf6 44. Nd4 Ne6 45. Nb5 Re7 46. Kd3 h5 47. Rh8 Kg5 48.
Nd4 Nxd4 49. cxd4 Rg7 50. c5 bxc5 51. dxc5 Kg4 52. Kc4 h4 53. Kb5 Kg3 54. Ra8 h3 55.
Rxa5 h2 56. Ra3+ Kh4 57. Ra4+ Rg4 58. Ra8 Kg3 59. Ra1 Kh3 60. Kc6 Rg1 61. Ra3+ Kg4 62. Ra4+ Kf5 63. Rh4 h1=Q+ 64. Rxh1 Rxh1 65. Kxc7 Ke5 66. c6 Rh7+ 67. Kd8 Kd6 68. c7 Rh8# 0-1

[Event "Early-Titled-Tuesday-Blitz-January-23-2024"]
[Site "Chess.com"]
[Date "2024.01.23"]
[Round "3"]
[White "Szczor"]
[Black "Philosopherrr"]
[Result "0-1"]
[WhiteElo "2586"]
[BlackElo "2438"]
[TimeControl "180+1"]
[EndTime "8:29:10 PST"]
[Termination "Philosopherrr won on time"]

1. d4 Nf6 2. c4 e6 3. Nf3 c5 4.
d5 exd5 5. cxd5 d6 6. Nc3 g6 7.
g3 Bg7 8. Bg2 O-O 9. Kf1 Nbd7 10.
e4 a6 11. a4 Re8 12. Qc2 Rb8 13. a5 b5 14. axb6 Qxb6 15. Kg1 Ng4 16. h3 Nge5 17. Kh2 Nxf3+ 18. Bxf3 Ne5 19. Bg2 f5 20. f4 Nf7 21.
Re1 Bd4 22. e5 dxe5 23. fxe5 Rxe5 24. Bf4 Rxe1 25. Rxe1 Qxb2 26. Re8+ Kg7 27. Qxb2 Rxb2 28. Rxc8 Bxc3 29. Rxc5 Be5 30. Ra5 Bxf4 31. gxf4 Rb6 32. Kg3 Nd6 33. Kf2 Nb7 34. Ra2 a5 35. Ke3 Kf6 36.
Rc2 Rb3+ 37. Kd4 Rb4+ 38. Ke3 a4 39. Rc6+ Ke7 40. Ra6 Nc5 41. Rc6 Nd7 42. Re6+ Kf7 43. Ra6 Rb3+ 44. Kd4 Rb4+ 45. Ke3 h6 46. Bf1 g5 47. Rxh6 gxf4+ 48. Kf2 Nf6 49. d6 a3 50. Rh8 Rb3 51. Bc4+ Kg7 52. Ra8 Ne4+ 53. Ke1 Rb1+ 54.
Ke2 Rb2+ 55. Kf3 Nxd6 56. Be6 Kf6 57. Bd7 Ke5 58. Ra5+ Kf6 59. Kxf4 Rb4+ 60. Kf3 Rb3+ 61. Kf4 Rxh3 62. Ra6 Rd3 63. Bxf5 Rd4+ 64. Ke3 Ke5 65. Ra5+ Rd5 66. Rxd5+ Kxd5 67. Bh7 Kc4 68. Kd2 Kb3 69.
Bg8+ Kb2 70. Kd3 Nb7 71. Kd4 Na5 72. Kc5 Nb3+ 73. Kb4 a2 0-1

[Event "Early-Titled-Tuesday-Blitz-January-23-2024"]
[Site "Chess.com"]
[Date "2024.01.23"]
[Round "3"]
[White "tomesao"]
[Black "Lennis93"]
[Result "1-0"]
[WhiteElo "2505"]
[BlackElo "2668"]
[TimeControl "180+1"]
[EndTime "8:29:12 PST"]
[Termination "tomesao won by checkmate"]

1. d4 Nf6 2. Nf3 c5 3. d5 g6 4. Nc3 Bg7 5. e4 d6 6. Bb5+ Nbd7 7. a4 a6 8. Be2 O-O 9. h3 Ne8 10. Bf4 b6 11. O-O Rb8 12. Re1 Nc7 13. Qd2 b5 14. axb5 axb5 15. Bh6 b4 16. Nd1 f6 17. h4 Ne5 18. Nxe5 fxe5 19. g3 Qd7 20. Bxg7 Kxg7 21. Ne3 Nb5 22. c3 h5 23. Ra5 bxc3 24. bxc3 Nc7 25. Ra7 Rb7 26. Rea1 Kf7 27. Qd1 Ne8 28. Rxb7 Qxb7 29. Qa4 Nf6 30. Bd3 Qb2 31. Qa3 Qd2 32.
Rd1 Qxd1+ 33. Nxd1 Bg4 34. Ne3 Bf3 35. Qb2 Ra8 36. Nf1 Bxe4 37. Bxe4 Nxe4 38. Nd2 Nf6 39. c4 Ra4 40. Qc3 Ra2 41. Qd3 Ra1+ 42. Kg2 Rd1 43. Qe2 Rc1 44. Ne4 Ng4 45. Ng5+ Ke8 46. Qd3 Kd7 47. Qxg6 Rxc4 48. Qxh5 Nf6 49. Qf7 Kd8 50. Qe6 Ne4 51. Nf7+ Kc7 52. Ng5 Nc3 53. Qxe7+ Kb6 54. Qxd6+ Kb5 55. h5 Rd4 56. Qc6+ Kc4 57. d6 e4 58. d7 e3 59. Qe6+ Kb4 60. Qxe3 Rxd7 61. Qf4+ Rd4 62. Qxd4+ cxd4 63. h6 d3 64. Nf3 Ne4 65. h7 d2 66. Nxd2 Nxd2 67. h8=Q Nc4 68. Qg8 Kc3 69. Qh8+ Kd3 70. Qh7+ Kd4 71. Qh6 Kd5 72.
Qh5+ Ne5 73. Qh4 Ke6 74. Qh3+ Kf6 75. Qh2 Ng4 76. Qg1 Ne5 77. Qf1 Ng4 78. Qa1+ Ne5 79. f4 Kf5 80. Qxe5+ Kg4 81. Qg5# 1-0

[Event "Early-Titled-Tuesday-Blitz-January-23-2024"]
[Site "Chess.com"]
[Date "2024.01.23"]
[Round "3"]
[White "Maxfan2008"]
[Black "JimDiGrease"]
[Result "0-1"]
[WhiteElo "2526"]
[BlackElo "2961"]
[TimeControl "180+1"]
[EndTime "8:29:15 PST"]
[Termination "JimDiGrease won on time"]

1. d4 d5 2. c4 e6 3. Nc3 c6 4.
e3 Nf6 5. Nf3 Nbd7 6. Bd3 dxc4 7.
Bxc4 b5 8. Bd3 Bb7 9. e4 b4 10.
Na4 c5 11. e5 Nd5 12. O-O h6 13. Nxc5 Nxc5 14. dxc5 Bxc5 15. Qa4+ Ke7 16. Be2 Qb6 17.
a3 a5 18. Bd2 Bc6 19. Qc2 Rac8 20. axb4 Nxb4 21. Qb1 Rhd8 22. Bc3 Ra8 23. Qh7 Rg8 24. Nd2 Nd5 25. Nc4 Qc7 26. Bxa5 Qb7 27. Nd6 Qxb2 28. Bf3 Qxe5 29. Nc4 Qg5 30. Rad1 g6 31. Bd2 Qf6 32. Qxh6 Rh8 33. Qg5 Rhd8 34. Ne5 Rac8 35. Nxc6+ Rxc6 36. Qxf6+ Kxf6 37. Bc3+ Ke7 38. Rfe1 Kf8 39.
Bf6 Rd7 40. Bxd5 exd5 41. Bd4 Be7 42. Be5 Re6 43. Bd4 Rd8 44. Rxe6 fxe6 45. h3 Kf7 46. f4 Bd6 47. g3 Rb8 48. Kg2 Ra8 49. Kf3 Ra3+ 50. Kg4 Ra4 51. h4 Rc4 52. Be3 Be7 53.
Rd3 Re4 54. Bf2 Bf6 55. Rb3 Rc4 56. Rb7+ Kf8 57. Bb6 Rc6 58. h5 gxh5+ 59. Kxh5 Rc3 60.
g4 Rg3 61. Kg6 Bc3 62. Bc5+ Ke8 63. Re7+ Kd8 64. Rxe6 Rxg4+ 65. Kf5 Rg2 66. Rd6+ Kc7 67. Rxd5 Kc6 68. Re5 Bxe5 69. fxe5 Kxc5 70. e6 Kd6 71. Kf6 Rf2+ 0-1

[Event "Early-Titled-Tuesday-Blitz-January-23-2024"]
[Site "Chess.com"]
[Date "2024.01.23"]
[Round "3"]
[White "Kapitan_Bayan"]
[Black "ATM622"]
[Result "0-1"]
[WhiteElo "2331"]
[BlackElo "2506"]
[TimeControl "180+1"]
[EndTime "8:29:16 PST"]
[Termination "ATM622 won on time"]

1. e4 c6 2. d4 d5 3. e5 Bf5 4.
h4 h5 5. Bd3 Bxd3 6. Qxd3 e6 7.
Nf3 Ne7 8. Bg5 Qb6 9. Nc3 Nd7 10.
O-O Nf5 11. Ne2 Be7 12. c4 Bxg5 13. Nxg5 Nxh4 14. Nf4 Nf5 15. Nfxe6 fxe6 16. Nxe6 g6 17. c5 Qa5 18. b4 Qa4 19. Nc7+ Ke7 20. Nxa8 Rxa8 21.
Rab1 Qb5 22. Qd2 Kf7 23. Rfe1 Re8 24. Rbd1 Nf8 25. Qg5 Nh7 26. e6+ Kg7 27. Qf4 Nf6 28. Qc7+ Re7 29. Qe5 Qxb4 30. Qf4 Qa5 31. Re5 Nh6 32.
Rde1 Nhg4 33. R5e2 Qc3 34. f3 Nh6 35. Re5 Qc2 36.
R1e2 Qd1+ 37. Re1 Qd3 38. R5e3 Qd2 39. R1e2 Qc1+ 40. Re1 Qb2 41. R3e2 Qa3 42. Qd6 Nf5 43. Qf4 Qb4 44. Rd1 Qc4 45. Ree1 Qc3 46. Qe5 Qb2 47. Re2 Qc3 48. Ree1 Qc4 49. Re2 Qb4 50. Qf4 Qa5 51.
Ree1 Qc7 52. Qd2 Ng3 53. Qf2 Nf5 54. Rb1 Qf4 55. Red1 h4 56. Rb2 Ne3 57. Re2 Nxd1 58. Qe1 Qxd4+ 59. Kh1 Nc3 60. Re3 Nh5 61. Rxc3 Ng3+ 62.
Kh2 Qf6 63. Re3 d4 64. Re5 Nf5 65. f4 d3 66. Qd2 g5 67. Qxd3 Ng3 68. Rxg5+ Kf8 69.
Rg6 Qxf4 70. Kh3 Nf1 0-1

[Event "Early-Titled-Tuesday-Blitz-January-23-2024"]
[Site "Chess.com"]
[Date "2024.01.23"]
[Round "3"]
[White "wadsy27"]
[Black "abhidabhi"]
[Result "1/2-1/2"]
[WhiteElo "2639"]
[BlackElo "2923"]
[TimeControl "180+1"]
[EndTime "8:29:26 PST"]
[Termination "Game drawn by repetition"]

1. c4 e5 2. Nf3 e4 3. Nd4 Nc6 4. e3 Nxd4 5. exd4 Nf6 6. Nc3 d5 7. d3 exd3 8. Bxd3 dxc4 9. Bxc4 Be7 10. O-O O-O 11. Bf4 h6 12. h3 Bd6 13. Qd2 Bf5 14. Rfe1 a6 15. a3 Qd7 16. Rad1 Rfe8 17. Be5 Be6 18. Bd3 Nd5 19. Ne4 Rad8 20. Nxd6 cxd6 21. Bg3 Bf5 22. Bc4 Nf6 23. Rc1 Rxe1+ 24. Rxe1 Rc8 25.
Bb3 Ne4 26. Qf4 Nxg3 27. Qxg3 b5 28. Kh2 Bc2 29. Bd5 Bf5 30. Qe3 Kf8 31. b4 g5 32.
h4 Qd8 33. Qf3 Qd7 34. Qg3 gxh4 35. Qxh4 Kg7 36. Re3 Bg6 37. Rf3 h5 38. Rg3 Kh7 39. Be4 Qe6 40. Bxg6+ fxg6 41. Re3 Qf5 42. Re7+ Kh6 43.
Qg3 Rf8 44. f3 Qf4 45. Qxf4+ Rxf4 46. Ra7 Rxd4 47. Rxa6 Rd3 48. Ra5 g5 49. Rxb5 Rxa3 50. Rd5 Ra6 51. g4 hxg4 52. fxg4 Kg6 53. b5 Rb6 54.
Kg3 Kf6 55. Kf3 Ke6 56. Rxg5 Kf6 57. Rf5+ Ke6 58. Rh5 Kf6 59. Ke4 Rb8 60. Kd4 Ke6 61. Rh6+ Kd7 62. Kc4 Rg8 63. Rh7+ Kc8 64. Kd5 Rxg4 65.
Kxd6 Rc4 66. b6 Rc1 67. b7+ Kb8 68. Kd5 Rb1 69. Kc6 Rc1+ 70. Kb6 Rb1+ 71. Kc6 Rc1+ 72. Kb6 Rb1+ 73. Kc6 1/2-1/2

[Event "Early-Titled-Tuesday-Blitz-January-23-2024"]
[Site "Chess.com"]
[Date "2024.01.23"]
[Round "3"]
[White "yobdc"]
[Black "DuleMudule"]
[Result "0-1"]
[WhiteElo "2523"]
[BlackElo "2865"]
[TimeControl "180+1"]
[EndTime "8:29:29 PST"]
[Termination "DuleMudule won by resignation"]

1. d4 d5 2. c4 Nc6 3. Nf3 Bg4 4. cxd5 Bxf3 5. gxf3 Qxd5 6. e3 e5 7. Nc3 Bb4 8. dxe5 Qxe5 9. Bd2 O-O-O 10. f4 Qe6 11. Be2 Bxc3 12. bxc3 Nf6 13. Qb3 Qe4 14. Rg1 Na5 15.
Qb4 Qd5 16. c4 Qxd2+ 17. Qxd2 Rxd2 18. Kxd2 g6 19. Bd3 Nc6 20. Kc3 Re8 21. Bc2 Re6 22.
Rad1 Ne7 23. Rd4 Ra6 24. Rgd1 Nc6 25. R4d2 Ra5 26. a4 b6 27. f3 Rh5 28. Be4 Nxe4+ 29.
fxe4 Rh3 30. Re2 Na5 31. e5 Nb7 32. Rg1 a5 33. Rg3 Rh4 34. Rd2 Nc5 35. Kb2 Ne4 36. Rd4 Nxg3 37. hxg3 Rg4 38. e4 Rxg3 39. f5 gxf5 40.
exf5 Rg5 41. e6 fxe6 42. fxe6 Rg7 43. Kc3 Re7 44. Rh4 Kb7 45. Kd4 Rxe6 46. Rxh7 Re1 47. c5 Ra1 48. cxb6 Kxb6 49. Kc3 Rxa4 50. Rh6+ c6 51. Rg6 Rh4 52. Kb3 Kb5 53. Rg5+ c5 54.
Rf5 Rh3+ 55. Kb2 a4 56. Rf8 Kc4 57. Rf4+ Kb5 58. Rf8 Rb3+ 59. Ka2 Kb4 60. Rb8+ Kc4 61. Ra8 Rb4 62. Rc8 Kd4 63. Rd8+ Kc3 64. Rc8 c4 65. Ka3 Rb1 66. Kxa4 Kd3 67. Rd8+ Kc2 68. Ka3 c3 69. Ka2 Rb7 70. Ra8 Kc1 71. Rc8 c2 72. Rc6 Rb4 73. Rc7 Kd2 74. Rd7+ Kc3 75. Rc7+ Kd2 76. Rd7+ Kc1 77.
Rc7 Rb8 78. Rc6 Ra8+ 79. Kb3 Kb1 80. Rxc2 Rb8+ 81. Kc3 Rc8+ 0-1

[Event "Early-Titled-Tuesday-Blitz-January-23-2024"]
[Site "Chess.com"]
[Date "2024.01.23"]
[Round "3"]
[White "eagleclaw07"]
[Black "Jesseinkman"]
[Result "0-1"]
[WhiteElo "2628"]
[BlackElo "2472"]
[TimeControl "180+1"]
[EndTime "8:29:33 PST"]
[Termination "Jesseinkman won by resignation"]

1. d4 d5 2. Nf3 Nf6 3. c4 e6 4. Nc3 Be7 5. Bf4 O-O 6. e3 a6 7.
h3 dxc4 8. Bxc4 b5 9. Be2 Bb7 10. O-O Nbd7 11. Rc1 c5 12. Ne5 Nxe5 13. Bxe5 cxd4 14.
Qxd4 Qxd4 15. Bxd4 Rac8 16. Rfd1 Nd5 17. Bf3 Nxc3 18.
Rxc3 Bxf3 19. gxf3 Rxc3 20. Bxc3 Rd8 21. Rxd8+ Bxd8 22. Kf1 f6 23. f4 Kf7 24. Ke2 Kg6 25. Kf3 Kh5 26. Kg3 Bc7 27. Bd4 e5 28. fxe5 fxe5 29. Bc5 e4+ 30. Kg2 Kg5 31. Bd4 g6 32. Kf1 h5 33. Kg2 Bd6 34. Bc3 Bc5 35. Be5 a5 36.
Bf4+ Kf5 37. Bc7 a4 38. b3 axb3 39. axb3 Be7 40. Kf1 Bh4 41. Ke2 Ke6 42. Ba5 Kd5 43.
Be1 Bf6 44. Bb4 Be5 45. Kd2 g5 46. Ke2 Ke6 47. Kf1 Kf5 48. Kg2 Bc7 49. Bc5 Bd8 50. Bd4 Ke6 51. Bc3 Kd5 52. Bd4 Be7 53. Bb2 Bd8 54.
Ba3 Ke6 55. Kf1 Kf5 56. Kg1 g4 57. Kg2 Bb6 58. Be7 Ba5 59. h4 Bc7 60. Bg5 Ke6 61.
Kf1 Kd5 62. Ke2 Kc5 63. Be7+ Kd5 64. Kf1 Be5 65. Kg2 Bg7 66. Bg5 Ke6 67. Bd8 Bf8 68. Bg5 Kd5 69. Kg3 Kc5 70. Kf4 Kb4 71. Kxe4 Kxb3 72.
Kd5 b4 73. e4 Kc2 74. Bf6 b3 75.
Bd4 b2 76. Bxb2 Kxb2 77. e5 Kc2 78. Ke6 Kd3 79. Kf7 Bc5 80. Kg6 Bxf2 81. e6 Bc5 82. Kxh5 g3 83. Kg6 g2 84. h5 g1=Q+ 85. Kh7 Qg5 86.
h6 Be7 87. Kh8 Qg6 0-1

[Event "Early-Titled-Tuesday-Blitz-January-23-2024"]
[Site "Chess.com"]
[Date "2024.01.23"]
[Round "3"]
[White "karenzc"]
[Black "BJthechessgod"]
[Result "1-0"]
[WhiteElo "2198"]
[BlackElo "2405"]
[TimeControl "180+1"]
[EndTime "8:29:35 PST"]
[Termination "karenzc won by resignation"]

1. e4 c5 2. Nc3 Nc6 3. d3 g6 4. f4 Bg7 5. Nf3 e6 6. Be3 d6 7.
d4 cxd4 8. Nxd4 Nge7 9. Ndb5 d5 10.
e5 Nf5 11. Bc5 b6 12. Nd6+ Nxd6 13. Bxd6 Bb7 14. Nb5 Rc8 15. Ba3 Bf8 16. Bxf8 Kxf8 17. Nd6 Rc7 18. Bb5 Ne7 19. g4 Nc8 20. Nxb7 Qh4+ 21.
Kf1 Rxb7 22. Qf3 Rc7 23. c3 h5 24. g5 Ne7 25. Bd3 Nf5 26. Ke2 Qg4 27. Rhg1 Qxf3+ 28. Kxf3 Kg7 29. a4 a5 30. Rad1 Rhc8 31. Bxf5 gxf5 32.
Rd4 Rc4 33. Ke3 Kg6 34. Rgd1 h4 35. h3 Kh5 36. Rxc4 Rxc4 37. Rd4 Rc5 38. Kd3 Kg6 39. b4 axb4 40. Rxb4 Ra5 41. Kc2 Ra6 42. Kb3 Kg7 43. c4 d4 44. Kc2 Kf8 45. Kd3 Ke7 46. Kxd4 Kd7 47. Kc3 Kc6 48. Kb3 Kc5 49. Rb5+ Kd4 50. Kb4 Ke4 51. c5 bxc5+ 52. Rxc5 Kxf4 53. a5 Kxg5 54. Kb5 Ra8 55. Rc7 f4 56. Rxf7 Rd8 57. a6 Rd5+ 58. Kb6 Rd1 59. a7 Rb1+ 60. Kc6 Rc1+ 61. Kb7 Rb1+ 62. Kc6 Ra1 63. Kd6 Ra6+ 64. Kc5 Ra2 65. Kb6 Rb2+ 66. Kc7 Ra2 67. Kb8 Rb2+ 68. Rb7 Ra2 69. a8=Q Rxa8+ 70. Kxa8 Kf5 71. Rh7 Kxe5 72. Rxh4 f3 73. Rh7 Kf4 74. Rf7+ Kg3 75. h4 e5 76. h5 e4 77. h6 e3 78. h7 f2 79.
h8=Q e2 80. Qg7+ Kh2 81. Qh6+ Kg1 82. Qg5+ Kf1 83. Qb5 Ke1 84. Qb1+ Kd2 85. Rd7+ Ke3 86. Qd3+ Kf4 87. Qxe2 1-0

[Event "Early-Titled-Tuesday-Blitz-January-23-2024"]
[Site "Chess.com"]
[Date "2024.01.23"]
[Round "3"]
[White "ukchessbomber"]
[Black "Bauman_Guy"]
[Result "1/2-1/2"]
[WhiteElo "2664"]
[BlackElo "2889"]
[TimeControl "180+1"]
[EndTime "8:29:39 PST"]
[Termination "Game drawn by repetition"]

1. c4 Nf6 2. b3 g6 3. Bb2 Bg7 4.
e3 O-O 5. Nf3 a5 6. Be2 d6 7. d4 Re8 8. O-O Nbd7 9. d5 e5 10.
dxe6 fxe6 11. Nc3 e5 12. a3 Kh8 13. b4 Qe7 14. Rc1 axb4 15. axb4 Nf8 16. Nd5 Nxd5 17.
cxd5 b6 18. Bb5 Rd8 19. Bc6 Ra7 20. Ra1 Rxa1 21. Qxa1 g5 22. Rc1 g4 23. Nd2 Ng6 24. Qa7 Rf8 25. Bb5 Qh4 26. Ne4 Bf5 27. Ng3 Qf6 28.
Nh5 Qh4 29. Nxg7 Be4 30. Rf1 Bxg2 31. Ne6 Bxf1 32. Nxf8 Bxb5 33. Nxg6+ hxg6 34. Qb8+ Kh7 35. Qxc7+ Kh6 36. Qxd6 Qh3 37. Qf8+ Kg5 38. Qe7+ Kh6 39.
Qf8+ Kg5 40. Qd8+ Kf5 41. Qc8+ Ke4 42. Qc2+ Bd3 43. Qd1 Qh7 44. d6 Qd7 45. Bc3 b5 46. Kg2 Qxd6 47. Kg3 Kd5 48. Qxg4 e4+ 49. Qf4 Qd7 50.
Qe5+ Kc4 51. Qc5+ Kb3 52. Be5 Ka4 53. Qc3 Qd5 54. Bd4 Qb3 55. Qc8 Ka3 56. Qa8+ Qa4 57. Qf8 Kb3 58. Bc5 Kc2 59. Kf4 Qa2 60. Ke5 Kd1 61.
Kd6 Qc4 62. Qf6 Ke2 63. Qxg6 Kxf2 64. h4 Qa2 65. Qf5+ Ke2 66. h5 Qa6+ 67. Ke5 Qc6 68. Qe6 Qa8 69. h6 Qh8+ 70. Kf5 Bc4 71. Qf6 Qh7+ 72.
Kf4 Qd7 73. Bd6 Qh3 74. Ke5 Qh5+ 75. Kf4 Qh2+ 76. Kf5 Qh5+ 77. Kf4 Qh2+ 78. Kg5 Qg2+ 79. Kf5 Qh3+ 80. Kg6 Qg4+ 81. Qg5 Qe6+ 82. Qf6 Qg4+ 83. Qg5 Qe6+ 84. Kh5 Qh3+ 85. Kg6 Qe6+ 1/2-1/2

[Event "Early-Titled-Tuesday-Blitz-January-23-2024"]
[Site "Chess.com"]
[Date "2024.01.23"]
[Round "3"]
[White "Practical-Play"]
[Black "jk13"]
[Result "1/2-1/2"]
[WhiteElo "2491"]
[BlackElo "2654"]
[TimeControl "180+1"]
[EndTime "8:29:42 PST"]
[Termination "Game drawn - insufficient material"]

1. e4 e5 2. Nf3 Nc6 3. c3 d5 4.
Qa4 Bd7 5. exd5 Nd4 6. Qd1 Nxf3+ 7. Qxf3 Nf6 8. c4 e4 9. Qe3 Bd6 10. Nc3 O-O 11. Be2 Re8 12. O-O Bf5 13. b3 Qd7 14. Bb2 Re7 15. Nb5 Be5 16. Bxe5 Rxe5 17. Qg3 Rae8 18.
Nd4 Bg6 19. Rfe1 c6 20. f4 exf3 21. Bxf3 Ne4 22. Bxe4 Rxe4 23. Rxe4 Rxe4 24. Re1 Rxe1+ 25. Qxe1 cxd5 26. Qe5 h6 27. cxd5 Qg4 28. h3 Qe4 29. Qxe4 Bxe4 30. Nb5 a6 31. Nc3 Bf5 32. Kf2 Kf8 33.
Ke3 Ke7 34. Kd4 g5 35. Ke5 Bd3 36. d6+ Kd7 37. Nd5 Bf1 38. Ne3 Bd3 39. Nf5 h5 40. Ng3 h4 41. Ne4 Bb1 42. Nxg5 f6+ 43. Kxf6 Kxd6 44.
Nf3 Bxa2 45. Nxh4 Bxb3 46. Nf5+ Kd7 47. h4 a5 48. h5 Bg8 49. Kg7 Be6 50. Nd4 Bd5 51.
h6 Be4 52. g4 a4 53. Nf5 a3 54.
h7 a2 55. h8=Q a1=Q+ 56. Kg8 Qxh8+ 57. Kxh8 Ke6 58. Ne3 b5 59. Nd1 b4 60. Kg7 Bf3 61. Nb2 Bxg4 62. Kg6 Kd5 63. Kg5 Be2 64. Kf4 Kd4 65.
Na4 b3 66. Nb2 Bh5 67. Kg3 Bg6 68. Kf2 Bh5 69. Ke1 Bg4 70. Kf2 Bf5 71. Ke1 Kc5 72. Kd1 Kb4 73. Kc1 Be6 74. Nd1 Ka3 75. Nb2 Ka2 76. Nd1 Bf5 77. Nb2 Ka3 78. Nd1 Bc2 79. Nb2 Ka2 80. d4 Be4 81. Nc4 Bd5 82. Nb2 Be6 83.
Nd3 Bf5 84. Nb2 Ka3 85. d5 Kb4 86. Kd2 Bg6 87. d6 Bf5 88. Kc1 Be6 89. Kd2 Kc5 90.
d7 Bxd7 91. Kc3 Be6 92. Nd3+ Kb5 93. Nb2 Ka5 94. Nd3 Ka4 95. Nc5+ Ka3 96. Nxb3 1/2-1/2

[Event "Early-Titled-Tuesday-Blitz-January-23-2024"]
[Site "Chess.com"]
[Date "2024.01.23"]
[Round "3"]
[White "jraosam"]
[Black "VinzentSpitzl"]
[Result "0-1"]
[WhiteElo "1924"]
[BlackElo "2532"]
[TimeControl "180+1"]
[EndTime "8:29:47 PST"]
[Termination "VinzentSpitzl won on time"]

1. e4 c6 2. d4 d5 3. Nc3 dxe4 4. Nxe4 Nf6 5. Nxf6+ exf6 6. Bc4 Bd6 7. Ne2 O-O 8.
O-O Na6 9. Bf4 Nc7 10. Qd2 Be6 11. Bxe6 fxe6 12. c4 Bxf4 13. Qxf4 Qd7 14. Rfd1 b5 15. b3 Rad8 16. Nc3 b4 17. Ne2 e5 18. Qh4 Ne6 19. d5 Nc5 20. h3 Qc7 21. dxc6 Qxc6 22. Ng3 Qe6 23. Qh5 g6 24. Qe2 e4 25. Rxd8 Rxd8 26.
Rd1 Rxd1+ 27. Qxd1 Kg7 28. Qd4 Qc6 29. Ne2 a5 30. Nf4 Nd7 31. h4 Ne5 32. Nd5 Qd7 33.
Qxe4 Qd6 34. f4 Nc6 35. g3 f5 36. Qe8 Nd8 37. Qe7+ Qxe7 38. Nxe7 Kf7 39. Nd5 Nc6 40.
Kf2 Ke6 41. Ke3 h5 42. Kd3 Kd6 43. Ne3 Kc5 44. Nd5 Kd6 45. Nb6 Kc5 46. Na4+ Kd6 47. Ke3 Ke6 48. Nb2 Kd6 49. Nd3 Ke6 50. Nc5+ Kd6 51.
Nb7+ Ke6 52. Kd3 Kd7 53. Nc5+ Kd6 54. Na4 Kc7 55. Ke3 Kd6 56. Nb2 Ke6 57. Nd3 Kd6 58. Ne5 Ne7 59. Kd4 Ke6 60. c5 Nd5 61. Nxg6 Nc3 62.
Ne5 Nxa2 63. Kc4 Nc1 64. Nf3 Ne2 65. Nd4+ Nxd4 66. Kxd4 Kd7 67. Kd5 a4 68. c6+ Kc7 69. Kc4 a3 0-1

[Event "Early-Titled-Tuesday-Blitz-January-23-2024"]
[Site "Chess.com"]
[Date "2024.01.23"]
[Round "3"]
[White "KhazhatulyAlikhan"]
[Black "dianamirza"]
[Result "1-0"]
[WhiteElo "2345"]
[BlackElo "1990"]
[TimeControl "180+1"]
[EndTime "8:29:51 PST"]
[Termination "KhazhatulyAlikhan won by resignation"]

1. e4 c5 2. Nf3 e6 3. d4 cxd4 4. Nxd4 Nc6 5. Nc3 a6 6. Be3 Qc7 7. Bd3 Nf6 8. O-O Be7 9. Qe2 O-O 10. Nb3 Nb4 11. Kh1 Nxd3 12. cxd3 b5 13. a3 Bb7 14. f4 Rac8 15. Rae1 b4 16. axb4 Bxb4 17. Bd4 Kh8 18. Rf3 Nh5 19. Qf2 f5 20. Rh3 Nxf4 21.
Rg3 e5 22. Qxf4 exf4 23. Rxg7 Bxc3 24. bxc3 Qxc3 25. Rxd7+ Qxd4 26. Nxd4 fxe4 27. Rxb7 exd3 28. Rb2 Rc4 29. Nf3 Rc2 30. Rbb1 d2 31. Red1 Rd8 32.
Kg1 Kg7 33. Kf2 a5 34. Ke2 a4 35. Rb7+ Kf6 36. Rxd2 Re8+ 37. Kd1 Rc3 38. Ra7 a3 39. Rd6+ Kf5 40. Ra5+ Ke4 41. Rd4+ Ke3 42. Rd2 Rd3 43.
Rxd3+ Kxd3 44. Rxa3+ Kc4 45. Ra4+ Kd5 46. Rxf4 Kc6 47.
Rg4 Rd8+ 48. Ke2 Re8+ 49. Kf2 Rd8 50. Rh4 Rd1 51. Rxh7 Kd5 52. Rh6 Ke4 53. Rh4+ Kf5 54. Rh5+ Kg6 55. Rg5+ Kh6 56. h4 Ra1 57. Kg3 Ra4 58. Kh3 Rb4 59. g4 Rb3 60. Kg3 Rb1 61. Rf5 Rb2 62. g5+ Kg6 63. Rf6+ Kg7 64. h5 Rb5 65. h6+ Kh7 66. Kg4 Rb4+ 67. Kh5 Kh8 68. Nh4 Rb5 69. Ng6+ Kh7 70. Rf8 Rxg5+ 71. Kh4 Rxg6 72.
Rf7+ Kxh6 73. Rf8 Rg7 74. Rf6+ Rg6 75. Rf8 Rg7 76. Ra8 Rh7 77. Ra6+ Kg7+ 78. Kg5 Rh1 79. Ra7+ Kf8 80. Ra8+ Ke7 81. Kf4 Kd6 82. Ke3 Rd1 83.
Rd8+ Kc5 84. Rxd1 Kb4 85. Rc1 Kb3 86. Kd3 Kb4 87. Rc4+ Kb5 88. Kd4 Kb6 89. Rc5 1-0